 Dungeon Crawl Stone Soup version 0.30-a0-883-g5ad918d77d (webtiles) character file.

Game seed: 7214692535888428627

2959 NinjaNoafa the Cutter (level 9, -11/69 HPs)
             Began as a Demonspawn Gladiator on Mar 17, 2023.
             Was a Believer of Uskayaw.
             Mangled by a wyvern (15 damage)
             ... on level 7 of the Dungeon.
             The game lasted 00:19:26 (5477 turns).

NinjaNoafa the Cutter (Demonspawn Gladiator)        Turns: 5477, Time: 00:19:26

Health: -11/69     AC:  6    Str: 14    XL:     9   Next: 52%
Magic:  9/13       EV: 18    Int: 11    God:    Uskayaw [**....]
Gold:   329        SH:  0    Dex: 18    Spells: 8/8 levels left

rFire   + + .      SeeInvis .    a - +5 rapier
rCold   + + .      Faith    .    (no shield)
rNeg    + + .      Spirit   .    d - +2 robe {rC+ rF+}
rPois   .          Reflect  .    c - +0 helmet
rElec   .          Rampage  .    l - scarf {rC+ rF+}
rCorr   .                        (no gloves)
Will    .....                    b - +0 pair of boots
Stlth   ++                       (no amulet)
HPRegen 0.31/turn                m - ring of positive energy
MPRegen 0.13/turn                z - ring of positive energy

@: no status effects
A: repulsion field 2, powered by death 1, weakness stinger 2
a: Renounce Religion, Stomp, Line Pass


You were on level 7 of the Dungeon.
You worshipped Uskayaw.
Uskayaw was noncommittal.
You visited 2 branches of the dungeon, and saw 8 of its levels.

You collected 419 gold pieces.
You spent 90 gold pieces at shops.

Inventory:

Hand Weapons
 a - a +5 rapier (weapon)
Missiles
 g - 21 poisoned darts
 D - 4 boomerangs (quivered)
 I - a curare-tipped dart
Armour
 b - a +0 pair of boots (worn)
 c - a +0 helmet (worn)
 d - a +2 robe of resistance (worn)
 l - a scarf of resistance (worn)
Jewellery
 m - a ring of positive energy (left hand)
 z - a ring of positive energy (right hand)
 G - a ring of fire
Wands
 H - a wand of acid (1)
Scrolls
 h - a scroll of enchant armour {unknown}
 i - a scroll of noise {unknown}
 j - 2 scrolls of fog
 k - 2 scrolls of brand weapon {unknown}
 o - 2 scrolls of fear {unknown}
 p - a scroll of amnesia {unknown}
 q - 3 scrolls of vulnerability
 s - 2 scrolls of teleportation
 t - 2 scrolls of immolation
 u - 2 scrolls of blinking {unknown}
 x - a scroll of magic mapping {unknown}
 y - 2 scrolls of poison {unknown}
 E - a scroll of silence {unknown}
Potions
 f - a potion of berserk rage {unknown}
 n - 3 potions of mutation
 r - 3 potions of flight
 v - 2 potions of curing
 w - a potion of cancellation {unknown}
 A - a potion of haste
 B - 2 potions of attraction
 C - 2 potions of lignification


   Skills:
 + Level 6.2 Fighting
 + Level 7.8(8.2) Short Blades
 - Level 4.0(6.4) Long Blades
 - Level 1.7 Throwing
 + Level 5.9 Dodging
 + Level 6.1 Invocations


You had 8 spell levels left.
You didn't know any spells.
Your spell library contained the following spells:

 Spells                   Type           Power      Damage    Failure   Level
 Sandblast                Erth           0%         2d4       34%         1
 Passwall                 Tmut/Erth      0%         N/A       47%         2
 Ozocubu's Armour         Ice            0%         N/A       71%         3
 Stone Arrow              Conj/Erth      0%         3d7       71%         3
 Ozocubu's Refrigeration  Ice            0%         4d7       100%        7


Dungeon Overview and Level Annotations

Branches:
Dungeon (7/15)             Temple (1/1) D:6

Altars:
Ashenzari
Dithmenos
Gozag
Hepliaklqana
Kikubaaqudgha
Nemelex Xobeh
Okawaru
Qazlal
Ru
Trog
Uskayaw
Vehumet
Wu Jian

Shops:
D:4 :

Annotations:
D:3 1 runed translucent door, Crazy Yiuf
D:7 Joseph


Innate Abilities, Weirdness & Mutations

You are surrounded by a moderate repulsion field. (EV +3)
You regenerate a little health from kills.
You have a tail ending in a sharp stinger.


Message History

Joseph completely misses you.
The wyvern hisses angrily.
You puncture Joseph!
Joseph is moderately wounded.
Joseph hits you with a +0 quarterstaff!
You hit Joseph.
Joseph is moderately wounded.
You hit Joseph.
Your tail-slap misses Joseph.
Joseph is moderately wounded.
Joseph hits you with a +0 quarterstaff!
* * * LOW HITPOINT WARNING * * *
You can now pass through a line of other dancers.
You are too injured to fight recklessly!
Joseph hits you with a +0 quarterstaff!
* * * LOW HITPOINT WARNING * * *
Aiming: Line Pass
Press: ? - help, Dir - move target Joseph appears confused.
The wyvern appears confused.
Found a scroll labelled GUNY GEYFO.
You can no longer pass through a line of other dancers.
You catch the helpless Joseph completely off-guard!
You puncture Joseph!
Joseph is heavily wounded.
Joseph hits the wyvern with a +0 quarterstaff.
The wyvern closely misses you.
You catch the helpless Joseph completely off-guard!
You puncture Joseph! You tail-slap Joseph, but do no damage.
Joseph is almost dead.
Joseph closely misses you.
You can now pass through a line of other dancers.
Okay, then.
You puncture Joseph!
Joseph is almost dead.
Joseph seems less confused.
The wyvern seems less confused.
Joseph hits you with a +0 quarterstaff!
* * * LOW HITPOINT WARNING * * *
You feel much better. The wyvern bites you!
* * * LOW HITPOINT WARNING * * *
The wyvern bites you!
You die...

#..### #.##
#.############## ##
#..##.....#..... ...
##.#............ ....
#.............. ......
##............. .....)
#....l........ ......
#....@@.......
........................
........###............?
....# ##............
...# ##.(...#..... ####
############ .# .######
......#


You could see Joseph and a wyvern.

Vanquished Creatures
  Pikel (D:7)
  A cyclops (D:6)
  Sigmund (D:2)
  2 ice beasts
  A black bear (D:5)
  An ogre (D:4)
  A phantom (D:4)
  A kobold brigand (D:6)
  A lemure (D:7)
  A bullfrog (D:6)
  5 scorpions
  5 hounds
  5 orc priests
  2 gnoll boudas
  Jessica (D:3)
  Ijyb (D:5)
  3 sleepcaps
  4 iguanas
  4 orc wizards
  Robin (D:4)
  8 adders
  14 gnolls
  4 white imps
  An ufetubus (D:5)
  4 worms
  4 dart slugs
  43 orcs
  5 bats
  5 endoplasms
  3 giant cockroaches
  13 goblins
  13 hobgoblins
  9 kobolds
  4 quokkas
  13 ball pythons
  7 rats
192 creatures vanquished.

Vanquished Creatures (others)
  A sleepcap (D:6)
  An orc wizard (D:6)
2 creatures vanquished.

Grand Total: 194 creatures vanquished

Notes
Turn   | Place    | Note
-------+----------+-------------------------------------------
     0 | D:1      | NinjaNoafa the Demonspawn Gladiator began the quest for the
                  | Orb.
     0 | D:1      | Reached XP level 1. HP: 16/16 MP: 1/1
   212 | D:1      | You fall into a shaft and drop 1 floor!
   245 | D:2      | Gained mutation: You are surrounded by a mild repulsion
                  | field. (EV +2) [demonic ancestry]
   245 | D:2      | Reached XP level 2. HP: 22/22 MP: 2/2
   642 | D:1      | Reached XP level 3. HP: 24/27 MP: 3/3
  1008 | D:2      | Gained mutation: You have a small tail. [demonic ancestry]
  1008 | D:2      | Reached XP level 4. HP: 28/34 MP: 4/4
  1022 | D:2      | Reached skill level 1 in Short Blades
  1170 | D:2      | Noticed Sigmund
  1200 | D:2      | Killed Sigmund
  1201 | D:2      | Reached skill level 2 in Short Blades
  1201 | D:2      | Gained mutation: You are surrounded by a moderate repulsion
                  | field. (EV +3) [demonic ancestry]
  1201 | D:2      | Reached XP level 5. HP: 13/41 MP: 5/5
  1423 | D:3      | Gained mutation: You regenerate a little health from kills.
                  | [demonic ancestry]
  1423 | D:3      | Reached XP level 6. HP: 47/47 MP: 6/6
  1451 | D:3      | Found Zin's Purification Station.
  1472 | D:3      | Bought a potion of curing for 90 gold pieces
  1508 | D:3      | Found a stormy altar of Qazlal.
  1672 | D:3      | HP: 1/48 [orc priest/divine providence (11)]
  1777 | D:3      | Found a broken altar of Ashenzari.
  1848 | D:3      | Found a runed translucent door.
  1849 | D:3      | Noticed Crazy Yiuf
  2115 | D:3      | Noticed Jessica
  2120 | D:3      | Killed Jessica
  2331 | D:4      | Reached skill level 3 in Short Blades
  2416 | D:4      | Noticed Robin
  2464 | D:4      | Reached skill level 4 in Short Blades
  2464 | D:4      | Gained mutation: You have a tail ending in a sharp stinger.
                  | [demonic ancestry]
  2464 | D:4      | Reached XP level 7. HP: 52/54 MP: 7/7
  2474 | D:4      | Killed Robin
  2577 | D:4      | Found Maexy's Book Shop.
  2711 | D:4      | Reached skill level 5 in Short Blades
  3024 | D:5      | Entered Level 5 of the Dungeon
  3095 | D:5      | Identified the +2 sling "Atta" {flame, Str+5 Int-4}
  3141 | D:5      | Reached skill level 6 in Short Blades
  3235 | D:5      | Noticed Ijyb
  3271 | D:5      | Found a hide-covered altar of Uskayaw.
  3293 | D:5      | Became a worshipper of Uskayaw the Reveller
  3308 | D:5      | Reached * piety under Uskayaw
  3422 | D:5      | Reached ** piety under Uskayaw
  3447 | D:5      | Reached XP level 8. HP: 59/60 MP: 8/8
  3481 | D:5      | Reached skill level 1 in Invocations
  3490 | D:5      | Reached *** piety under Uskayaw
  3791 | D:5      | Killed Ijyb
  4051 | D:6      | Reached **** piety under Uskayaw
  4095 | D:6      | Reached skill level 5 in Fighting
  4097 | D:6      | Reached skill level 7 in Short Blades
  4097 | D:6      | Reached skill level 5 in Dodging
  4102 | D:6      | Noticed a cyclops
  4195 | D:6      | Killed a cyclops
  4196 | D:6      | Reached XP level 9. HP: 13/68 MP: 10/12
  4278 | D:6      | Found a staircase to the Ecumenical Temple.
  4375 | Temple   | Entered the Ecumenical Temple
  4729 | D:6      | Found an iron altar of Okawaru.
  4801 | D:7      | Reached skill level 5 in Invocations
  5152 | D:7      | Found an opulent altar of Gozag.
  5348 | D:7      | Noticed Pikel
  5371 | D:7      | Killed Pikel
  5464 | D:7      | Noticed Joseph
  5477 | D:7      | Mangled by a wyvern

Illustrated notes

Levels and vault maps discovered:
D:1:      grunt_arrival_lava_bath, layout_basic, chequers_serial_rivers_micro_b,
          minmay_ruptured
D:2:      layout_rooms, minmay_misc_feat_x, minmay_snake_closets, uniq_sigmund
D:3:      layout_basic, zin_purify, nicolae_ashenzari_skybound,
          mainiacjoe_overflow_concentric_impassable, dk_noncrumbling_3,
          uniq_jessica, uniq_crazy_yiuf_cottage
D:4:      layout_basic, elyvilon_altar_4, serial_shops,
          nicolae_shop_advertising_works [nicolae_subvault_shop_adworks],
          uniq_robin
D:5:      layout_rooms, mainiacjoe_overflow_catwalk, hangedman_minor_gate_pass,
          uniq_ijyb
D:6:      layout_rooms, kennysheep_okawaru_gauntlet,
          minmay_temple_entry_mini_moons
D:7:      layout_rooms, nicolae_gozag_seed_capital,
          mainiacjoe_overflow_boulevard, gammafunk_temple_overflow_elements,
          nicolae_elevator_lobby_plus, uniq_joseph, uniq_pikel
Temple:   jpeg_temple_island

Skill      XL: |  1  2  3  4  5  6  7  8  9 |
---------------+----------------------------+-----
Long Blades    | 3 4 |  4.0
Dodging        | 3 4 5 |  5.9
Short Blades   | 2 4 6 7 |  7.8
Fighting       | 3 4 5 6 |  6.2
Invocations    | 4 6 |  6.1
Throwing       | |  1.7

Action                     |  1- 3 |  4- 6 |  7- 9 || total
---------------------------+-------+-------+-------++-------
  Melee: Long sword        |    67 |       |       ||    67
         Rapier            |    26 |   140 |   301 ||   467
         Tailslap          |       |    15 |    47 ||    62
         Punch             |       |     1 |     2 ||     3
  Throw: Throwing net      |       |     5 |     2 ||     7
         Javelin           |       |     3 |     5 ||     8
         Dart              |       |       |    10 ||    10
         Boomerang         |       |       |     3 ||     3
 Invoke: Stomp             |       |       |     7 ||     7
         Line Pass         |       |       |     3 ||     3
  Evoke: Wand              |       |       |     6 ||     6
    Use: Potion            |       |     3 |     5 ||     8
         Scroll            |       |       |    12 ||    12
   Stab: Sleeping          |     1 |     2 |     1 ||     4
         Paralysed         |       |       |     6 ||     6
         Confused          |       |       |     2 ||     2
 Armour: Leather armour    |    25 |    10 |       ||    35
         Robe              |       |    23 |    55 ||    78
  Dodge: Dodged            |    61 |   115 |   291 ||   467

Table legend: (Time is in decaauts)
 A = Elapsed time spent in this place.
 B = Non-inter-level travel time spent in this place.
 C = Inter-level travel time spent in this place.
 D = Time resting spent in this place.
 E = Time spent auto-exploring this place.
 F = Levels seen in this place.
 G = Mean time per level.
                   A        B        C        D        E       F      G
               +--------+--------+--------+--------+--------+-----+--------+
         Total |   5479 |   5154 |    325 |    391 |   3315 |   8 |  684.9 |
       Dungeon |   5318 |   4999 |    319 |    391 |   3165 |   7 |  759.7 |
        Temple |    160 |    155 |      5 |      0 |    150 |   1 |  160.0 |
               +--------+--------+--------+--------+--------+-----+--------+

Top non-repeatable levels by time:
     D:3: 911 daAuts
     D:4: 852 daAuts
     D:5: 812 daAuts
     D:6: 766 daAuts
     D:1: 761 daAuts
     D:2: 665 daAuts
     D:7: 549 daAuts
  Temple: 160 daAuts
